 Dungeon Crawl Stone Soup version 0.19-a0-1498-g0b85ae9 (webtiles) character file.

1520 rlgrobin the Carver (level 8, 0/57 HPs)
             Began as a High Elf Chaos Knight on Sept 11, 2016.
             Slain by an ogre
             ... wielding a cursed +0 giant club
              (37 damage)
             ... on level 7 of the Dungeon.
             The game lasted 00:11:49 (6743 turns).

rlgrobin the Carver (High Elf Chaos Knight)         Turns: 6743, Time: 00:11:50

Health: 0/57       AC:  9    Str: 13    XL:     8   Next: 54%
Magic:  9/9        EV: 12    Int: 16    God:    Xom [..*...]
Gold:   303        SH:  0    Dex: 15    Spells: 0 memorised, 7 levels left

rFire  . . .     SeeInvis .     a - +0 falchion (chaos)
rCold  + + .     Gourm    .     B - +1 ring mail of Rotation {rC++ rN+} (curse)
rNeg   + . .     Faith    .     (no shield)
rPois  .         Spirit   .     p - +0 helmet
rElec  .         Dismiss  .     A - +0 cloak
rCorr  .         Reflect  .     (no gloves)
MR     .....     Harm     .     (no boots)
Stlth  +.........               y - amulet of regeneration
                                (no ring)
                                D - ring of wizardry

@: non-regenerating, diseased
A: no striking features
a: Renounce Religion


You were on level 7 of the Dungeon.
You worshipped Xom.
You were a toy of Xom.
You were not hungry.

You visited 1 branch of the dungeon, and saw 7 of its levels.

You collected 341 gold pieces.
You spent 38 gold pieces at shops.

Inventory:

Hand Weapons
 a - a +0 falchion of chaos (weapon)
 b - a +0 shortbow
 s - a +0 antimagic quarterstaff
Missiles
 d - 11 tomahawks (quivered)
 h - a throwing net
 C - 46 arrows
Armour
 g - a +0 shield
 p - a +0 helmet (worn)
 u - a +3 leather armour
 w - the +1 ring mail of Femuwn {Dex+7}
   (You found it on level 4 of the Dungeon)

   It affects your dexterity (+7).
 A - a +0 cloak (worn)
 B - the cursed +1 ring mail of Rotation (worn) {rC++ rN+}
   (You found it on level 4 of the Dungeon)

   It greatly protects you from cold.
   It protects you from negative energy.
   It has a curse placed upon it.
Jewellery
 o - an uncursed amulet of faith
 y - an amulet of regeneration (around neck)
 D - a ring of wizardry (left hand)
Scrolls
 i - a scroll of enchant armour
 r - a scroll of remove curse
 E - a scroll of teleportation
 G - 4 scrolls of blinking
 H - a scroll of fear
Potions
 e - 2 potions of heal wounds
 f - 2 potions of lignification
 k - 3 potions of cure mutation
 l - a potion of might {unknown}
 m - 2 potions of flight
 n - a potion of cancellation
 q - 3 potions of curing
 t - a potion of resistance {unknown}
 v - a potion of ambrosia {unknown}
 F - a potion of berserk rage {unknown}
Books
 c - a Grand Grimoire

   Spells                             Type                      Level
   a - Monstrous Menagerie            Summoning                    7
   b - Summon Greater Demon           Summoning                    7
   c - Malign Gateway                 Summoning/Translocation      7
   d - Summon Horrible Things         Summoning                    8
Comestibles
 j - 3 meat rations
 x - 6 fruits
 z - 4 bread rations
 I - a chunk of flesh {@w1}


   Skills:
 - Level 6.2 Fighting
 - Level 8.1 Long Blades
 + Level 5.4 Bows
 - Level 4.3 Armour
 - Level 3.5 Dodging


You had 7 spell levels left.
You didn't know any spells.

Dungeon Overview and Level Annotations

Branches:
Dungeon (7/15)             Temple (0/1) D:4

Altars:
Dithmenos
Fedhas
Gozag
Okawaru
Qazlal
Xom

Shops:
D:4 *   D:5 *


Message History

b - a +0 shortbow (weapon)
Firing (i - inventory. (,) - cycle):
C - 48 arrows (quivered)
Press: ? - help, Shift-Dir - straight line, f - ogre
Aim: an ogre, wielding a giant club You shoot an arrow.
The arrow hits the ogre but does no damage.
Firing (i - inventory. (,) - cycle):
C - 47 arrows (quivered)
Press: ? - help, Shift-Dir - straight line, f/p - ogre
Aim: an ogre, wielding a giant club You shoot an arrow.
The arrow barely misses the ogre.
Your +0 falchion of chaos is briefly surrounded by a scintillating aura of random colours.
a - a +0 falchion of chaos (weapon)
The ogre hits you with a giant club!!
You hit the ogre.
The ogre goes berserk!
The ogre is lightly wounded.
The ogre barely misses you.
You feel much better. The ogre hits you with a giant club!!!
Ouch! That really hurt!
You die...
Xom cackles wildly!

#...#....# #........#
#.....####
#######....[#
#....##.....#
#....##.....#
#....##.....# #####
#....##.....#####......
#......[...@O.(...#
#.......##........#
#.......##........#
#....#####........#
###### #........#
#........# ##########


You could see an ogre (berserk).

Vanquished Creatures
  Edmund (D:5)
  Duvessa (D:5)
  A swamp drake (D:2)
  2 ice beasts (D:6)
  A phantom (D:6)
  A necrophage (D:6)
  A centaur (D:6)
  Dowan (D:5)
  2 scorpions
  3 wights (D:4)
  A howler monkey (D:5)
  2 crimson imps
  A giant frog zombie (D:7)
  2 hounds
  A giant frog skeleton (D:4)
  An orc wizard (D:6)
  3 worker ants
  2 hound zombies
  5 adders
  2 worms
  3 dart slugs (D:1)
  6 giant geckos
  9 orcs
  10 bats
  5 giant cockroaches
  4 goblins
  4 hobgoblins
  6 jackals
  2 ball pythons
  6 giant newts
  A jackal zombie (D:5)
  5 kobolds
  A quokka zombie (D:5)
  7 rats
103 creatures vanquished.

Vanquished Creatures (others)
  A crimson imp (D:5)
  A hobgoblin (D:3)
2 creatures vanquished.

Grand Total: 105 creatures vanquished

Notes
Turn   | Place    | Note
-------+----------+-------------------------------------------
     0 | D:1      | rlgrobin the High Elf Chaos Knight began the quest for the Orb.
     0 | D:1      | Reached XP level 1. HP: 16/16 MP: 2/2
   107 | D:1      | Reached skill level 4 in Long Blades
   127 | D:1      | XOM: silly message
   175 | D:1      | Reached XP level 2. HP: 20/21 MP: 3/3
   755 | D:1      | Reached skill level 5 in Long Blades
   780 | D:1      | XOM: harmless Conj miscast
   816 | D:1      | You fall through a shaft!
   888 | D:2      | Reached XP level 3. HP: 25/26 MP: 4/4
   974 | D:2      | Noticed Sigmund
  1026 | D:2      | Found a shadowy altar of Dithmenos.
  1140 | D:2      | XOM: mild Conj miscast
  2089 | D:2      | Noticed Sigmund
  2089 | D:2      | Sigmund changed into Sigmund the swamp drake
  2089 | D:2      | XOM: polymorph Sigmund -> Sigmund the swamp drake
  2091 | D:2      | XOM: butterfly on damage
  2099 | D:2      | XOM: butterfly on damage
  2104 | D:2      | Killed Sigmund the swamp drake
  2104 | D:2      | Reached skill level 7 in Long Blades
  2104 | D:2      | Reached XP level 4. HP: 13/31 MP: 5/5
  2104 | D:2      | Reached XP level 5. HP: 15/36 MP: 6/6
  2311 | D:3      | Found a shimmering altar of Xom.
  2480 | D:3      | XOM: 5-stop teleportation journey
  2675 | D:3      | Found a faded altar of an unknown god.
  2676 | D:3      | Found a stormy altar of Qazlal.
  2866 | D:3      | XOM: medium Tloc miscast
  2981 | D:3      | XOM: noise
  3081 | D:3      | XOM: harmless Necr miscast
  3448 | D:3      | XOM: summons 2 hostile shadow creatures
  3515 | D:3      | XOM: 5-stop teleportation journey
  3857 | D:4      | Got a jewelled ring mail
  3875 | D:4      | Identified the +1 ring mail of Femuwn {Dex+7} (You found it on level 4 of the Dungeon)
  3926 | D:4      | Reached skill level 8 in Long Blades
  3981 | D:4      | XOM: confuse monster(s)
  3985 | D:4      | Reached XP level 6. HP: 36/42 MP: 7/7
  3992 | D:4      | XOM: swap monsters
  4017 | D:4      | XOM: noise
  4355 | D:4      | Found a blossoming altar of Fedhas.
  4454 | D:4      | Got a shimmering ring mail
  4465 | D:4      | Identified the cursed +1 ring mail of Rotation {rC++ rN+} (You found it on level 4 of the Dungeon)
  4480 | D:4      | Reached skill level 1 in Armour
  4581 | D:4      | Found a staircase to the Ecumenical Temple.
  4590 | D:4      | Found Leyd's General Store.
  4598 | D:4      | Bought a scroll of fear for 38 gold pieces
  4720 | D:5      | Entered Level 5 of the Dungeon
  4817 | D:5      | Reached XP level 7. HP: 48/48 MP: 8/8
  4868 | D:5      | Noticed Duvessa
  4871 | D:5      | Noticed Dowan
  5132 | D:5      | Noticed Edmund
  5138 | D:5      | XOM: harmless Divn miscast
  5154 | D:5      | Killed Edmund
  5192 | D:5      | XOM: enchant monster (bad)
  5202 | D:5      | Killed Duvessa
  5202 | D:5      | Reached skill level 5 in Fighting
  5249 | D:5      | Found an iron altar of Okawaru.
  5291 | D:5      | Killed Dowan
  5335 | D:5      | Found Loifoph's General Store.
  5359 | D:5      | Found an opulent altar of Gozag.
  5367 | D:5      | XOM: severe Ice miscast
  5536 | D:5      | XOM: summons 4 hostile shadow creatures
  5605 | D:5      | XOM: harmless Tloc miscast
  5637 | D:5      | XOM: harmless Conj miscast
  5709 | D:6      | Reached XP level 8. HP: 57/57 MP: 9/9
  5829 | D:6      | XOM: potion effect (heal wounds)
  6009 | D:6      | XOM: silly message
  6106 | D:6      | Reached skill level 1 in Bows
  6365 | D:6      | XOM: harmless Tloc miscast
  6631 | D:7      | XOM: potion effect (agility)
  6659 | D:7      | XOM: divination: detect items
  6661 | D:7      | Reached skill level 5 in Bows
  6743 | D:7      | Slain by an ogre

Vault maps used:
D:1:      dpeg_arrival_snail
D:2:      nicolae_dithmenos_through_a_glass_darkly, uniq_sigmund
D:3:      overflow_temple_1_default, grunt_qazlal_clouds, ecumenical_altar_1,
          serial_co_window_serial, co_window_of_opportunity_a,
          co_window_paths_a, co_window_corner_a, co_window_of_opportunity_a,
          co_window_corner_a, co_window_cross_4, co_window_corner_b,
          co_window_paths_c, co_window_corner_ca, co_window_of_opportunity_b,
          co_window_2corner, co_window_paths_d, glass_columns_c, first_bread
D:4:      kennysheep_little_box, serial_shops, shop
D:5:      kennysheep_okawaru_gauntlet, serial_shops, nicolae_shop_waterfront,
          st_stairs_1, nicolae_gozag_seed_capital, uniq_edmund, uniq_duvessa
D:6:      minmay_misc_feat_columns
D:7:      grunt_ogre_cave

Skill      XL: |  1  2  3  4  5  6  7  8 |
---------------+-------------------------+-----
Long Blades    | 4 5 7 8 |  8.1
Dodging        | 3 |  3.5
Fighting       | 4 5 6 |  6.2
Armour         | 1 3 4 |  4.3
Bows           | 5 |  5.4

Action                   |  1- 3 |  4- 6 |  7- 9 || total
-------------------------+-------+-------+-------++-------
Melee: Falchion          |   144 |   155 |   332 ||   631
 Fire: Shortbow          |       |       |     2 ||     2
Throw: Tomahawk          |     5 |       |     2 ||     7
  Use: Scroll            |     5 |     2 |     9 ||    16
       Potion            |     1 |       |     2 ||     3
 Stab: Petrifying        |     2 |       |     2 ||     4
       Paralysed         |     1 |       |     4 ||     5
       Petrified         |     4 |       |     4 ||     8
       Invisible         |       |       |     2 ||     2
  Eat: Chunk             |     2 |     2 |     5 ||     9
       Bread ration      |     1 |     1 |       ||     2
       Fruit             |       |       |     2 ||     2
Armor: Leather armour    |    43 |    27 |       ||    70
       Ring mail         |       |     9 |    91 ||   100
Dodge: Dodged            |    63 |    65 |   157 ||   285
